Cogmind - Beta 16 @@@ ROGUE MODE // 2026.02.09 @ 09:29:34 Player: Gamma Result: Destroyed self with Subdweller Shrapnel Launcher Performance ------------- Evolutions (0) 0 Regions Visited (2) 400 Robots Destroyed (7) 35 Value Destroyed (156) 156 Prototype IDs (1) 20 Alien Tech Used (0) 0 Bonus (0) 0 TOTAL SCORE: 611 Bonus ------- None Cogmind --------- Core Integrity 0/250 Matter 243/300 Energy 280/280 System Corruption 0% Temperature Cool (0) Movement Walking (190) Ox1 Location -10/Subcaves Parts ------- > --- POWER (1) -------- Heavy Ion Engine > --- PROPULSION (2) --- Aluminum Leg Aluminum Leg > --- UTILITY (2) ------ Small Storage Unit > --- WEAPON (2) ------- Barrage Gun Subdweller Shrapnel Launcher > --- INVENTORY (8) ---- Heavy Ion Engine Aluminum Leg Disposable Heat Sink Mini Grenade Launcher Scrap Shield Fragment (45) Peak State ------------ > --- POWER ------------ Heavy Ion Engine > --- PROPULSION ------- Aluminum Leg Aluminum Leg > --- UTILITY ---------- Small Storage Unit > --- WEAPON ----------- Barrage Gun Subdweller Shrapnel Launcher > --- INVENTORY -------- Heavy Ion Engine Aluminum Leg Disposable Heat Sink Mini Grenade Launcher Scrap Shield Fragment [Rating: 12] Favorites ----------- Power Heavy Ion Engine Engine Heavy Ion Engine Propulsion Aluminum Leg Leg Aluminum Leg Utility Small Storage Unit Storage Small Storage Unit Protection Light Armor Plating Weapon Medium Laser Energy Gun Medium Laser Ballistic Gun Light Assault Rifle Launcher Subdweller Shrapnel Launcher Build | -11 -10 -10 ------- Run | Yrd Mat Sub Slots Evolved . | . . . Power . | . . . Propulsion . | . . . Utility . | . . . Weapon . | . . . Parts Attached 14 | 6 1 7 Power 2 | 1 . 1 Engine 2 | 1 . 1 Core . | . . . Reactor . | . . . Propulsion 4 | 2 . 2 Treads . | . . . Leg 4 | 2 . 2 Wheel . | . . . Hover . | . . . Flight . | . . . Utility 2 | 1 1 . Device . | . . . Storage 1 | 1 . . Processor . | . . . Hackware . | . . . Protection 1 | . 1 . Artifact . | . . . Weapon 6 | 2 . 4 Energy Gun 2 | 2 . . Energy Cannon . | . . . Ballistic Gun 2 | . . 2 Ballistic Cannon . | . . . Launcher 2 | . . 2 Special Weapon . | . . . Impact Weapon . | . . . Slashing Weapon . | . . . Piercing Weapon . | . . . Special Melee Weapon . | . . . Unidentified Prototypes 1 | . . 1 Parts Lost 7 | . . 7 Power 1 | . . 1 Propulsion 2 | . . 2 Utility 1 | . . 1 Weapon 3 | . . 3 Highest Loss Streak 4 | . . 4 To Critical Strikes 1 | . . 1 Average Backups 5 | 3 5 5 Power 1 | . 1 1 Propulsion 2 | 2 2 2 Utility . | . . 1 Weapon 1 | 1 1 1 Tool/Special . | . . . Unused Backups 7 | . 4 3 Power 2 | . 1 1 Propulsion 3 | . 2 1 Utility 2 | . 1 1 Weapon . | . . . Tool/Special . | . . . Average Slot Usage (%) 89 | . 98 86 Engine 13 | . 14 13 Leg 27 | . 28 27 Storage 14 | . 14 14 Protection 5 | . 12 2 Energy Gun 19 | . 28 15 Ballistic Gun 8 | . . 11 Peak Build Rating 12 | 6 8 12 Average Rating 8 | 3 7 8 On Entrance 4 | . 6 8 Avg Prop Armor Cover (%) . | . . . Naked Turns . | . . . Heaviest Build 24 | 11 14 24 Greatest Support 20 | 20 20 20 Greatest Overweight (x) 1 | 1 . 1 Average Overweight (x) . | . . . Largest Inventory Capacity 8 | 8 8 8 Average Capacity 7 | 7 8 8 Most Carried 8 | 5 8 8 Average Carried 6 | 3 5 6 Final Capacity 8 | 8 8 8 Final Carried 8 | 4 8 5 Class Distribution -------------------- 100% | Mutant Dominant Class ---------------- Mutant | -10/Materials Mutant | -10/Subcaves Resources | -11 -10 -10 ----------- Run | Yrd Mat Sub Matter Collected 322 | 226 44 52 Remotely . | . . . Salvage Created 174 | 59 51 64 Parts 12 | 3 6 3 Haulers Intercepted . | . . . Recyclers Shooed . | . . . Parts Field Recycled . | . . . Retrieved Matter . | . . . Parts Self-Destructed . | . . . Prevented . | . . . Parts Restored . | . . . Kills | -11 -10 -10 ------- Run | Yrd Mat Sub Combat Hostiles Destroyed 6 | . 3 3 Guns 4 | . 3 1 AOE 2 | . . 2 Classes Destroyed 3 | 1 1 1 Recycler 1 | 1 . . Swarmer 3 | . 3 . Subdweller 3 | . . 3 Best Kill Streak 3 | 1 3 2 Combat Bots Only 3 | . 3 2 Max Kills in Single Turn 2 | 1 2 1 Gunslinging 1 | . 1 . Exploded 1 | . . 1 Melee . | . . . Uniques/NPCs Destroyed . | . . . Combat | -11 -10 -10 -------- Run | Yrd Mat Sub Hostile Shots Fired 55 | . 7 48 Missed 14 | . 1 13 Hits 41 | . 6 35 Projectile 41 | . 6 35 AOE 6 | . . 6 Critical Strikes 3 | . . 3 Damage Taken 1108 | . 49 1059 Core 259 | . 8 251 Absorbed by Shields . | . . . Core Remaining (%) 100 | 100 . . Volleys Fired 29 | 3 7 19 Largest 2 | 1 2 2 Hottest 90 | 40 90 90 Shots Fired 47 | 3 13 31 Gun 45 | 3 13 29 Cannon . | . . . Launcher 2 | . . 2 Special . | . . . Kinetic 16 | . . 16 Thermal 30 | 3 13 14 Explosive 1 | . . 1 Electromagnetic . | . . . Robot Hit Streak 11 | 2 2 11 Robot Miss Streak 4 | 1 4 2 Penetration Max . | . . . Secondary Targets 1 | . 1 . Max Gunslinging Chain 1 | . 1 . Shots Hit Robots 32 | 2 5 25 Core Hits 9 | 2 3 4 Critical Kills . | . . . Critical Parts Destroyed . | . . . Critical Strikes 1 | . 1 . Burn 1 | . 1 . Melee Attacks . | . . . Impact . | . . . Slashing . | . . . Piercing . | . . . Sneak Attacks . | . . . Combat Hostiles . | . . . Follow-up Attacks . | . . . Damage Inflicted 451 | 21 71 359 Guns 216 | 21 71 124 Cannons . | . . . Explosions 235 | . . 235 Melee . | . . . Ramming . | . . . Kinetic 151 | . . 151 Thermal 179 | 21 71 87 Explosive 121 | . . 121 Electromagnetic . | . . . Impact . | . . . Slashing . | . . . Piercing . | . . . Highest Corruption . | . . . Average Corruption . | . . . Corruption Purged . | . . . Corruption Blocked . | . . . Overload Shots . | . . . Overflow Damage . | . . . Projectiles . | . . . Explosions . | . . . Melee . | . . . Knockbacks . | . . . Impact . | . . . Kinetic . | . . . Secondary . | . . . Self-Inflicted Damage 23 | . . 23 Shots 1 | . . 1 Rammed . | . . . Targets Rammed . | . . . Kicked . | . . . Crushed . | . . . Highest Temperature 78 | . 78 2 Average Temperature 25 | . 29 2 Received Heat Transfer 132 | . 6 126 Siege Activations . | . . . Martial Activations . | . . . Shielding Activations . | . . . Robots Disrupted . | . . . Combat Hostiles . | . . . Robots Corrupted . | . . . Combat Hostiles . | . . . Parts Fried . | . . . Impact Corruptions . | . . . Robots Melted . | . . . Combat Hostiles . | . . . Parts Melted 2 | . 1 1 Heat Transferred 545 | 50 248 247 Parts Sabotaged . | . . . Parts Stolen . | . . . Parts Stripped . | . . . Power Chain Reactions . | . . . Alert | -11 -10 -10 ------- Run | Yrd Mat Sub Maximum Alert Level . | . . . Low Security (%) 100 | 100 100 . Level 1 . | . . . Level 2 . | . . . Level 3 . | . . . Level 4 . | . . . Level 5 . | . . . High Security . | . . . Max Security . | . . . Peak Influence 70 | 5 70 . Initial . | . . . Average 12 | 1 14 . Influence Increases 93 | 5 88 . Destroy 0b10 Robot/C 60 | . 60 . Destroy 0b10 Robot/NC 5 | 5 . . Destroy Leader 10 | . 10 . Successful Hack 18 | . 18 . Influence Decreases 93 | 5 76 12 Entered New Map 7 | . . 7 Time Decay 86 | 5 76 5 Squads Dispatched 3 | . 3 . Investigation 1 | . 1 . Extermination . | . . . Reinforcement 2 | . 2 . Assault . | . . . Garrison . | . . . Intercept . | . . . Searches Triggered . | . . . Construction Impeded . | . . . Haulers Reinforced . | . . . Active Scanning Responses . | . . . Cargo Convoy Interrupts . | . . . Stealth | -11 -10 -10 --------- Run | Yrd Mat Sub Distress Signals 2 | . 2 . Communications Jammed . | . . . Distress Signals . | . . . Times Spotted 20 | . 16 4 Peak Tracking Total 7 | . 7 2 Tactical Retreats . | . . . Traps | -11 -10 -10 ------- Run | Yrd Mat Sub Traps Triggered 2 | . . 2 Indirectly . | . . . Trap Hack Attempts . | . . . Triggered . | . . . Disarmed . | . . . Reprogrammed . | . . . Reused . | . . . Traps Extracted . | . . . Installed . | . . . Triggered . | . . . Machines | -11 -10 -10 ---------- Run | Yrd Mat Sub Machines Disabled . | . . . Max in Single Turn . | . . . Machines Repaired . | . . . Machines Dismantled . | . . . Machines Sabotaged . | . . . Overloaded Fab Kills . | . . . Hacking | -11 -10 -10 --------- Run | Yrd Mat Sub Machines Accessed 3 | . 2 1 Terminals 2 | . 2 . Fabricators . | . . . Repair Stations . | . . . Recycling Units . | . . . Scanalyzers . | . . . Garrison Access . | . . . Total Hacks 13 | . 9 4 Successful 6 | . 2 4 Failed 7 | . 7 . Catastrophic . | . . . Database Lockouts . | . . . Manual 7 | . 7 . Terminals 9 | . 9 . Fabricators . | . . . Repair Stations . | . . . Recycling Units . | . . . Scanalyzers . | . . . Garrison Access . | . . . Terminal Hacks 5 | . 1 4 Record 4 | . . 4 Robot Analysis 1 | . 1 . Fabricator Hacks . | . . . Repair Station Hacks . | . . . Recycling Unit Hacks . | . . . Scanalyzer . | . . . Garrison Access Hacks . | . . . Unauthorized Hacks 1 | . 1 . Terminals 1 | . 1 . Track 1 | . 1 . Fabricators . | . . . Repair Stations . | . . . Recycling Units . | . . . Scanalyzers . | . . . Garrison Access . | . . . Data Cores Recovered . | . . . Used . | . . . Hacking Detections 2 | . 2 . Full Trace Events . | . . . Feedback Events . | . . . Feedback Blocked . | . . . Robot Schematics Acquired . | . . . Robots Built . | . . . Authchips . | . . . Time . | . . . Total Robot Build Rating . | . . . Part Schematics Acquired . | . . . Parts Built . | . . . Authchips . | . . . Time . | . . . Total Part Build Rating . | . . . Part Studies Acquired . | . . . Parts Repaired . | . . . Time . | . . . Parts Recycled . | . . . Recycled Matter . | . . . Retrieved Matter . | . . . Retrieved Components . | . . . Parts Scanalyzed . | . . . Part Schematics Acquired . | . . . Parts Damaged . | . . . Bothacking | -11 -10 -10 ------------ Run | Yrd Mat Sub Used RIF Installer . | . . . Robots Hacked . | . . . Non-combat . | . . . Combat . | . . . Robot Hacks Applied . | . . . Relay Couplers Released . | . . . Fabnet Peak Effective % . | . . . Robots Rewired . | . . . Allies Hacked . | . . . Hacks Repelled . | . . . Allies | -11 -10 -10 -------- Run | Yrd Mat Sub Total Allies . | . . . Largest Group . | . . . Highest-Rated Group . | . . . Highest-Rated Ally . | . . . Total Orders . | . . . Ally Attacks . | . . . Total Damage . | . . . Kills . | . . . Allies Corrupted . | . . . Allies Melted . | . . . Intel | -11 -10 -10 ------- Run | Yrd Mat Sub Active Infowar (turns) . | . . . Robot Analysis Total 1 | . 1 . Derelict Logs Recovered . | . . . Drone Launches . | . . . Drone Recoveries . | . . . Exploration | -11 -10 -10 ------------- Run | Yrd Mat Sub Turns Passed 1267 | 65 326 876 Spaces Moved 926 | 40 230 656 Core 13 | 13 . . Treads . | . . . Legs 913 | 27 230 656 Wheels . | . . . Hover . | . . . Flight . | . . . Fastest Speed 50 | 50 120 120 Average Speed 119 | 111 120 120 Slowest Speed 190 | 190 120 190 Overloaded Moves . | . . . Propulsion Burnouts . | . . . Robots Hopped . | . . . Potential Cave-ins . | . . . Cave-ins Triggered . | . . . Exploration Rate (%) 28 | 4 51 29 Regions Visited 2 Branch Regions 1 Pre-discovered Areas . | . . . Known Exits Taken . | . . . Unknown Exits Taken 2 | 1 1 . Scrap Searched . | . . . Spaces Dug . | . . . Terrain Destroyed 12 | . . 12 Melee . | . . . Projectile . | . . . AOE 12 | . . 12 Terrain Rammed . | . . . Walls Destroyed . | . . . Machines Disabled . | . . . Actions | -11 -10 -10 --------- Run | Yrd Mat Sub Total 1036 | 56 269 711 Wait 45 | . 19 26 Move 924 | 39 229 656 Hop . | . . . Pick Up 20 | 8 9 3 Fast Attach 2 | 2 . . Attach 11 | 4 1 6 Detach . | . . . Swap 1 | . . 1 Drop 4 | . 4 . Fire 29 | 3 7 19 Melee . | . . . Ram . | . . . Kick . | . . . Crush . | . . . Escape Stasis . | . . . Rewire . | . . . Trap . | . . . Miscellaneous . | . . . Route ------- -11/Scrapyard -10/Materials (discovered 3 exits: [*Mat] / [*Min] / *Sub) -10/Subcaves History --------- Turn | Location | Event 33 | -11/Scrapyard | Discovered new exit (range 15) 66 | -11/Scrapyard | Entered Materials 67 | -10/Materials | Met a group of wandering Federalists 154 | -10/Materials | Discovered new exit (range 15) 309 | -10/Materials | Build established: Mutant 356 | -10/Materials | Discovered new exit (range 16) 383 | -10/Materials | Discovered new exit (range 6) 392 | -10/Materials | Entered Subcaves 392 | -10/Subcaves | Accompanied by 1 ally 393 | -10/Subcaves | Continued accompanying wandering Federalists (3) 556 | -10/Subcaves | Lost 3 allies 558 | -10/Subcaves | Lost 4 parts (1p1n1u1w) 727 | -10/Subcaves | Visited Clippyterm 730 | -10/Subcaves | Learned 40 Factory zone layouts 997 | -10/Subcaves | Shifting Twisted Machinery released Riot Gun 1184 | -10/Subcaves | A swath of the cavern ceiling suddenly collapsed 1201 | -10/Subcaves | A swath of the cavern ceiling suddenly collapsed 1231 | -10/Subcaves | Core integrity fell below 50% 1254 | -10/Subcaves | Core integrity fell below 20% 1268 | -10/Subcaves | Destroyed self with Subdweller Shrapnel Launcher Last Messages --------------- measures it might be just in time... >>Record! "Optimus" It looks like you're curious about the current leader of 0bPrime. Optimus is well liked, but certainly not being up front with the UFD as a whole. Riot Gun falls loose from the Twisted Machinery. 01093_ Acquired 8 matter. 01094_ Acquired 1 matter. 01113_ Acquired Sub. Shrapnel Launcher. 01127_ Acquired Barrage Gun. A swath of the cavern ceiling suddenly collapses. 01227_ UX-PMC(R) affixes Scrap Shield Fragment to Scrap Shield. 01236_ Critical hit (Destroy). 01236_ Aluminum Leg destroyed. 01240_ Med. Laser destroyed. 01256_ Lgt. Assault Rifle destroyed. 01268_ UX-PMC(R) destroyed. Map ----- +----------------------------------------------------+ | ?????????????????????????????????????????????????? | | ?????????????????????????????????????????????????? | | ?????????????????????????????????????????????????? | | ?????????????????????????????????????????????????? | | ?????????????????????????????????????????????????? | | ?????????????????????????????????????????????????? | | ?????????????????????????????????????????????????? | | ?????????????????????????????????????????????????? | | ?????????????????????????????????????????????????? | | ?????????????????????????????????????????????????? | | ?????????????????????????????????????????????????? | | ?????????????????????????????????????????????????? | | ?????????????????????????????????????????????????? | | ?????????????????????????????????????????????????? | | ?????????????????????????????????????????????????? | | ?????????????????????????????????????????????????? | | ?????????????????????????????????????????????????? | | ?????????????????????????????????????????????????? | | ?????????????????????????????????????????????????? | | ????????????????????????????###?????????????#????? | | ???????????????????????????## #####???????? ###??? | | ???????????????????????##??# ###?????? ##?? | | ??????????????????????## ?#; ##????? #??? | | ?????????????????????## #;; &[ ###### %# #?? | | ?????????????????????# %* R< # # ## ## | | ???????????????????????# @ R # # | | ??????????????????# %;;# ; ;;; & R # | | ??????????????????# #;??####; ; R # # ## # #? | | ?????????????????????????????### ;# ######?###??? | | ????????????????????????????#### ##"###??????????? | | ???????????????????????????## # # ##?????????? | | ??????????????????? ### ## #?????????? | | ?????##???????????? # ### ###?????????? | | ????# #???????????? ### ##???????????? | | ??? #????????????? ??#### ##???????????? | | ??? #?????????????# ???????# ###?????????? | | ?? ##??????????????#??????????## ##????????? | | ?# ## #??????####??????????##???# "##?###???? | | # ## ###??## #???###??? #??#" ### ### #???? | | #?# #?## #?### ### "???####### ## #???? | | ### ### #?# """ "????????# ## ##??? | | #?# ##??# """"""?????????##"" #??? | | #?#### %##### #""###?????????## ##??? | | #????# # # """ #????????## #???? | | ###?### ## #####""#?########" ####???? | | #??## ### #????# ##"# # " ###????? | | #??# ## #### #????# """ "" #????? | | ##?# ### ##??## #????# ##### " # #????? | | ### % ### ##???# ###????#?### "### ####????? | | ### #???# #### #?# ""### ##??????? | +----------------------------------------------------+ Best States ------------- Heat Dissipation 25 Energy Generation 14 Energy Capacity 280 Matter Stores 300 Matter Capacity 300 Sight Range 16 Terrain Scan Density 10 Armor Coverage 150 Evasion (%) 55 Item Schematics ----------------- None Robot Schematics ------------------ None Fabricated ------------ Nothing Repaired ---------- Nothing Studied --------- None Alien Tech Used ----------------- None Achievements -------------- Strength In Numbers Challenges ------------ None Game ------ Seed BattleDecoderMallet Manual? 0 Play Time 00:14:25 Cumulative 52.6 hours Start 2026.02.09 @ 09:11:46 End 2026.02.09 @ 09:29:34 Sessions 1 Manual Loads 0 Difficulty Rogue Special Mode None Game No. 37 Rogue 37 Adventurer 0 Explorer 0 Win Type - Total 1 Types 1/0/0/0/0/0/0/0/0/0 Lore% 20 Gallery% 35 Achievement% 22 Wizard Run 0 Options --------- Layout 1 ASCII 1 Keyboard 0 Movement Mouse Keybinds 0 Fullscreen 1 Font 32/SmallcapsGlow Map View 50x35 Zoom Use 0% Tactical HUD 1 Map Filters NONE Filters NONE Steam 1 RUN: 0f9c53ae-ef3a-42e2-bb9d-0d3d7e070ee7